 Dungeon Crawl Stone Soup version 0.29-a0-993-g4a18f31a58 (webtiles) character file.

Game seed: 2997860155659222034

496 jt the Chopper (level 7, -4/57 HPs)
             Began as a Meteoran Fighter on Aug 2, 2022.
             Was an Initiate of Hepliaklqana.
             Killed by nerve-wracking pain
             ... invoked by an orc priest
              (14 damage)
             ... on level 5 of the Dungeon.
             The game lasted 00:08:58 (1629 turns).

jt the Chopper (Meteoran Fighter)                   Turns: 1629, Time: 00:09:00

Health: -4/57      AC: 11    Str: 19    XL:     7   Next: 66%
Magic:  8/8        EV:  9    Int: 10    God:    Hepliaklqana [......]
Gold:   231        SH:  5    Dex: 14    Spells: 6/6 levels left

rFire   . . .      SeeInvis .   a - +0 war axe (spect)
rCold   . . .      Faith    .   c - +0 buckler
rNeg    . . .      Spirit   .   b - +0 scale mail
rPois   .          Reflect  .   s - +1 helmet
rElec   .          Harm     .   (no cloak)
rCorr   .          Rampage  .   (no gloves)
Will    .....                   k - +1 pair of boots
Stlth   ..........              (no amulet)
HPRegen 0.19/turn               (no ring)
MPRegen 0.11/turn               (no ring)

@: flying, glowing
A: sense surroundings 1, otherworldly, glowing, explore regen
a: Renounce Religion


You were on level 5 of the Dungeon.
You worshipped Hepliaklqana.
Hepliaklqana was noncommittal.
You visited 1 branch of the dungeon, and saw 5 of its levels.

You collected 231 gold pieces.

Inventory:

Hand Weapons
 a - a +0 spectral war axe (weapon)
 y - a +2 mace of protection
 A - a +0 short sword of venom
 E - a +0 trident
Missiles
 m - a boomerang (quivered)
 u - 60 stones
 z - 8 poisoned darts
Armour
 b - a +0 scale mail (worn)
 c - a +0 buckler (worn)
 k - a +1 pair of boots (worn)
 s - a +1 helmet (worn)
Jewellery
 x - a ring of willpower
Scrolls
 e - 3 scrolls of brand weapon
 g - a scroll of torment
 p - a scroll of immolation
 q - a scroll of teleportation
 r - 2 scrolls of amnesia
Potions
 d - a potion of might
 h - a potion of heal wounds {unknown}
 i - a potion of magic {unknown}
 j - 2 potions of cancellation
 l - a potion of attraction {unknown}
 n - a potion of curing {unknown}
 o - a potion of flight
 v - a potion of mutation {unknown}
 B - a potion of haste {unknown}
 D - a potion of berserk rage {unknown}


   Skills:
 - Level 3.2 Fighting
 + Level 7.7 Axes
 - Level 3.6 Armour
 - Level 6.0 Shields


You had 6 spell levels left.
You didn't know any spells.
Your spell library contained the following spells:

 Spells                   Type           Power      Damage    Failure   Level
 Sting                    Tmut/Pois      0%         1d3       80%         1
 Poisonous Vapours        Pois/Air       0%         N/A       91%         2
 Sublimation of Blood     Necr           0%         N/A       91%         2
 Wereblood                Tmut           0%         N/A       91%         2
 Olgreb's Toxic Radiance  Pois           0%         N/A       100%        4
 Summon Hydra             Summ           0%         N/A       100%        7


Dungeon Overview and Level Annotations

Branches:
Dungeon (5/15) Zot: 1279
 Temple: D:4-7

Altars:
Hepliaklqana
Kikubaaqudgha
Nemelex Xobeh
Trog

Shops:
D:4 :


Innate Abilities, Weirdness & Mutations

You passively map a small area around you.
You are easily found by Zot.
You glow in the dark.
You regain HP and MP as you explore.


Message History

You slash the orc wizard!
You kill the orc wizard!
As you read the scroll labelled QOM PAOW COKHOSUKE, it crumbles to dust.
You hear a loud clanging noise!
It was a scroll of noise.
You hear a shout!
You hear an angry hiss.
The orc hits you but does no damage.
You hit the orc.
The orc is moderately wounded.
The orc hits you with a +0 club.
You slash the orc!
You kill the orc!
The orc hits you but does no damage.
You closely miss the orc. You block the orc's attack.
You barely miss the orc. The orc hits you with a +0 club.
You barely miss the orc. The orc barely misses you.
An orc comes into view. It is wielding a +0 hand axe.
You hit the orc but do no damage. The orc closely misses you.
You closely miss the orc. You closely miss the orc.
The orc hits you but does no damage.
The orc priest invokes the aid of Beogh against you.
Beogh smites you!
You are too injured to fight recklessly!
You are too injured to fight recklessly!
You slash the orc!
You kill the orc!
The orc priest hits you with a +0 club.
You slash the orc priest!
The orc priest is severely wounded.
An orc comes into view. It is wielding a +0 short sword.
The orc priest invokes the aid of Beogh against you.
Beogh smites you!
* * * LOW HITPOINT WARNING * * *
It was a potion of flight.
You feel very buoyant.
You fly up into the air.
An ogre comes into view. It is wielding a +0 giant club.
The orc priest invokes the aid of Beogh against you.
Pain shoots through your body!
You die...

#.........#######.
,
#........#........,
#........#.######.*
#.....####..#
#.....# ##.# , ,
#.....# #.# *
#.....# #.# ##
#.....# #.# ... * *
#.....# *#@## ....
* ####.## ##o##
#.... , ###..K.
##o##....< #[....
#o#...... ,, #.).K.
#.O......, , ,
#.8..58 #..#.....
#.... ##.^...... ,
*#h..##.##...... ,
#...#.K...#....


You could see an ogre, an orc priest and 2 orcs.

Vanquished Creatures
  A necrophage (D:4)
  2 howler monkeys (D:5)
  A jelly (D:5)
  A hound (D:5)
  An orc priest (D:5)
  An iguana (D:4)
  An orc wizard (D:5)
  9 adders
  3 gnolls (D:4)
  A white imp (D:5)
  A worm (D:3)
  3 dart slugs
  17 orcs
  4 bats
  5 endoplasms
  A giant cockroach (D:2)
  10 goblins
  5 hobgoblins
  A jackal (D:2)
  3 quokkas (D:1)
  7 ball pythons
  3 frilled lizards
  6 kobolds
  3 rats (D:3)
90 creatures vanquished.

Notes
Turn   | Place    | Note
-------+----------+-------------------------------------------
     0 | D:1      | jt the Meteoran Fighter began the quest for the Orb.
     0 | D:1      | Reached XP level 1. HP: 19/19 MP: 2/2
    78 | D:1      | Reached XP level 2. HP: 26/26 MP: 3/3
   126 | D:2      | Reached skill level 3 in Axes
   126 | D:2      | Reached XP level 3. HP: 30/31 MP: 4/4
   400 | D:2      | Reached XP level 4. HP: 31/38 MP: 5/5
   511 | D:2      | Found a hazy altar of Hepliaklqana.
   585 | D:2      | Reached skill level 4 in Axes
   613 | D:2      | Became a worshipper of Hepliaklqana the Forgotten
   869 | D:3      | Reached skill level 5 in Shields
   871 | D:3      | Reached XP level 5. HP: 32/45 MP: 6/6
   890 | D:3      | Found a faded altar of an unknown god.
   968 | D:4      | Noticed a necrophage
   983 | D:4      | Killed a necrophage
   984 | D:4      | Reached skill level 5 in Axes
   984 | D:4      | Reached XP level 6. HP: 20/51 MP: 7/7
  1002 | D:4      | Found a sparkling altar of Nemelex Xobeh.
  1017 | D:4      | Found an ancient bone altar of Kikubaaqudgha.
  1316 | D:4      | Found Qorriar's Vocational Training.
  1398 | D:5      | Entered Level 5 of the Dungeon
  1427 | D:5      | Reached skill level 6 in Axes
  1434 | D:5      | Reached XP level 7. HP: 47/57 MP: 8/8
  1540 | D:5      | Reached skill level 7 in Axes
  1586 | D:5      | Found a bloodstained altar of Trog.
  1629 | D:5      | Killed from afar by an orc priest

Illustrated notes

Levels and vault maps discovered:
D:1:      pf_arrival_petrified_forest, layout_loops_ring
D:2:      minmay_inner_zag, layout_rooms, basic_altar, uniq_crazy_yiuf_cottage
D:3:      layout_basic, basic_ecumenical_altar, guppyfry_early_orc_mine
D:4:      layout_cave_pods, mainiacjoe_overflow_catwalk, tgw_fedhas,
          kiku_gazebo_pond_becter, grunt_ministairs_9, nicolae_shop_vocational
D:5:      layout_rooms, trog_antimagical, kennysheep_potato

Skill      XL: |  1  2  3  4  5  6  7 |
---------------+----------------------+-----
Axes           | 3 4 5 6 7 |  7.7
Shields        | 4 5 6 |  6.0
Fighting       | |  3.2
Armour         | |  3.6

Action                   |  1- 3 |  4- 6 |  7- 9 || total
-------------------------+-------+-------+-------++-------
Melee: War axe           |    65 |   176 |    59 ||   300
Throw: Boomerang         |       |     6 |       ||     6
  Use: Scroll            |       |     5 |     4 ||     9
       Potion            |       |       |     1 ||     1
Armor: Scale mail        |    36 |    78 |    20 ||   134
Dodge: Dodged            |    25 |    42 |    14 ||    81
Block: Buckler           |    10 |    52 |    14 ||    76

Table legend: (Time is in decaauts)
 A = Elapsed time spent in this place.
 B = Non-inter-level travel time spent in this place.
 C = Inter-level travel time spent in this place.
 D = Time resting spent in this place.
 E = Time spent auto-exploring this place.
 F = Levels seen in this place.
 G = Mean time per level.
                   A        B        C        D        E       F      G
               +--------+--------+--------+--------+--------+-----+--------+
         Total |   1719 |   1629 |     90 |      0 |      0 |   5 |  343.8 |
       Dungeon |   1719 |   1629 |     90 |      0 |      0 |   5 |  343.8 |
               +--------+--------+--------+--------+--------+-----+--------+

Top non-repeatable levels by time:
     D:1: 421 daAuts
     D:3: 421 daAuts
     D:2: 360 daAuts
     D:4: 267 daAuts
     D:5: 247 daAuts
